 Dungeon Crawl Stone Soup version 0.28-b1-25-g9875b3fc8c (webtiles) character file.

Game seed: 17548105310829566891

44 crazypyro the Cudgeller (level 3, -3/29 HPs)
             Began as a Demonspawn Fighter on Feb 1, 2022.
             Slain by a gnoll (4 damage)
             ... on level 1 of the Dungeon.
             The game lasted 00:01:15 (1238 turns).

crazypyro the Cudgeller (Demonspawn Fighter)        Turns: 1238, Time: 00:01:15

Health: -3/29      AC:  6    Str: 18    XL:     3   Next: 41%
Magic:  3/3        EV:  9    Int:  9    God:
Gold:   85         SH:  4    Dex: 12    Spells: 2/2 levels left

rFire   . . .      SeeInvis .   a - +0 flail
rCold   . . .      Faith    .   c - +0 buckler
rNeg    . . .      Spirit   .   b - +0 scale mail
rPois   .          Reflect  .   (no helmet)
rElec   .          Harm     .   (no cloak)
rCorr   .          Rampage  .   (no gloves)
Will    .....                   (no boots)
Stlth   ..........              (no amulet)
HPRegen 0.09/turn               (no ring)
MPRegen 0.08/turn               (no ring)

@: no status effects
A: claws 1
a: no special abilities


You were on level 1 of the Dungeon.
You visited 1 branch of the dungeon, and saw 1 of its levels.

You collected 85 gold pieces.

Inventory:

Hand Weapons
 a - a +0 flail (weapon)
Armour
 b - a +0 scale mail (worn)
 c - a +0 buckler (worn)
Jewellery
 j - an amulet of reflection
Scrolls
 e - a scroll of enchant weapon {unknown}
 h - a scroll of vulnerability {unknown}
Potions
 d - a potion of might
 f - a potion of curing
 g - a potion of degeneration {unknown}
 i - a potion of mutation {unknown}
 k - a potion of attraction {unknown}


   Skills:
 - Level 3.0 Fighting
 * Level 3.5 Maces & Flails
 - Level 2.6 Armour
 - Level 2.6 Shields


You had 2 spell levels left.
You didn't know any spells.
Your spell library was empty.

Dungeon Overview and Level Annotations

Branches:
Dungeon (1/15)

Altars:


Innate Abilities, Weirdness & Mutations

You have sharp fingernails.


Message History

The endoplasm is almost dead.
The endoplasm freezes you.
You are frozen.
The endoplasm barely misses you.
You sock the endoplasm!
You kill the endoplasm!
No target in view!
There is an open door here.
A gnoll comes into view. It is wielding a +0 spear.
The gnoll shouts!
A gnoll is nearby!
You block the gnoll's attack.
You closely miss the gnoll. The gnoll hits you with a +0 spear. x2
You hit the gnoll but do no damage. The gnoll hits you with a +0 spear!
You are too injured to fight recklessly!
You are too injured to fight recklessly!
You are too injured to fight recklessly!
You sock the gnoll!
The gnoll is severely wounded.
The gnoll hits you with a +0 spear.
* * * LOW HITPOINT WARNING * * *
You hit the gnoll.
The gnoll is almost dead.
The gnoll hits you with a +0 spear.
* * * LOW HITPOINT WARNING * * *
The gnoll completely misses you.
You hit the gnoll but do no damage.
The gnoll is almost dead.
The gnoll hits you with a +0 spear.
* * * LOW HITPOINT WARNING * * *
You closely miss the gnoll.
The gnoll is almost dead.
The gnoll hits you but does no damage.
Unknown command.
You barely miss the gnoll.
The gnoll is almost dead.
The gnoll closely misses you.
You barely miss the gnoll.
The gnoll is almost dead.
The gnoll hits you with a +0 spear.
You die...

### #.# #.############
#.##.........# #g##.#######.#
### ########@##.# #.# ..#
#........##.# #.# ..#
#.#########.# #.#
..#######'####......# #.#
..#.........##.###### #.#
..#.........##.# #.#
.##.........##.# ####### #.#
#)...####.####.# #.....# #.###
.)#..####......###.....####...#


You could see a gnoll.

Vanquished Creatures
  A gnoll (D:1)
  2 dart slugs (D:1)
  3 bats (D:1)
  4 endoplasms (D:1)
  2 goblins (D:1)
  A hobgoblin (D:1)
  6 jackals (D:1)
  A kobold (D:1)
  2 quokkas (D:1)
  3 ball pythons (D:1)
  2 frilled lizards (D:1)
27 creatures vanquished.

Notes
Turn   | Place    | Note
-------+----------+-------------------------------------------
     0 | D:1      | crazypyro the Demonspawn Fighter began the quest for the
                  | Orb.
     0 | D:1      | Reached XP level 1. HP: 18/18 MP: 1/1
    69 | D:1      | Gained mutation: You have sharp fingernails. [demonic
                  | ancestry]
    69 | D:1      | Reached XP level 2. HP: 20/24 MP: 2/2
   324 | D:1      | Found a faded altar of an unknown god.
   606 | D:1      | Reached XP level 3. HP: 23/29 MP: 3/3
  1235 | D:1      | HP: 1/29 [gnoll (2)]
  1238 | D:1      | Slain by a gnoll

Illustrated notes

Levels and vault maps discovered:
D:1:      psy_arrival_dodecagon, layout_basic,
          hellmonk_ecumenical_altar_leap_of_faith, hex_medium, minmay_circled_x

Skill      XL: |  1  2 |
---------------+-------+-----
Maces & Flails | 2 3 |  3.5
Fighting       | |  3.0
Armour         | |  2.6
Shields        | |  2.6

Action                   || total
-------------------------++-------
Melee: Flail             ||   105
Armor: Scale mail        ||    57
Dodge: Dodged            ||    59
Block: Buckler           ||    28
